 Dungeon Crawl Stone Soup version 0.19.0-24-gb05acd6 (console) character file.

14 Jesseh the Magician (level 2, 0/19 HPs)
             Began as a Demonspawn Wizard on Nov 21, 2016.
             Slain by a rat (2 damage)
             ... on level 1 of the Dungeon.
             The game lasted 00:02:41 (230 turns).

Jesseh the Magician (Demonspawn Wizard)              Turns: 230, Time: 00:02:41

Health: 0/19       AC:  2    Str:  7    XL:     2   Next: 27%
Magic:  0/6        EV: 12    Int: 19    God:
Gold:   1          SH:  0    Dex: 11    Spells: 1 memorised, 6 levels left

rFire  . . .     SeeInvis .     e - +0 whip
rCold  . . .     Gourm    .     a - +0 robe
rNeg   . . .     Faith    .     (no shield)
rPois  +         Spirit   +     b - +0 hat
rElec  .         Reflect  .     (no cloak)
rCorr  .         Harm     .     (no gloves)
MR     .....                    (no boots)
Stlth  ++........               (no amulet)
                                (no ring)
                                g - ring of poison resistance

@: no status effects
A: magic shield
a: no special abilities


You were on level 1 of the Dungeon.
You were not hungry.

You visited 1 branch of the dungeon, and saw 1 of its levels.

You collected 1 gold pieces.

Inventory:

Hand Weapons
 e - a +0 whip (weapon)
   (You found it on level 1 of the Dungeon)
Armour
 a - a +0 robe (worn)
 b - a +0 hat (worn)
Jewellery
 g - a ring of poison resistance (left hand)
   (You found it on level 1 of the Dungeon)
Books
 c - a book of Minor Magic
Comestibles
 d - 2 bread rations
 f - 9 chunks of flesh


   Skills:
 - Level 1.7 Dodging
 - Level 1.7 Stealth
 - Level 3.0 Spellcasting
 * Level 2.3 Conjurations
   Level 1.0 Summonings
   Level 0.8 Translocations


You had 6 spell levels left.
You knew the following spells:

 Your Spells              Type           Power        Failure   Level  Hunger
a - Magic Dart            Conj           ##..         8%          1    None


Dungeon Overview and Level Annotations

Branches:
Dungeon (1/15)

Altars:


Innate Abilities, Weirdness & Mutations

When hurt, damage is shared between your health and your magic reserves.


Message History

The bat misses you. The bat closely misses you. The bat barely misses you.
The bat completely misses you. The bat closely misses you.
The bat closely misses you. The bat hits you but does no damage.
A bat comes into view.
The bat hits you but does no damage. The bat completely misses you.
The bat hits you but does no damage. The bat barely misses you.
The bat hits you. The bat hits you but does no damage.
A rat comes into view.
The bat barely misses you. The bat closely misses you.
The bat barely misses you. The bat barely misses you. The bat misses you.
The bat closely misses you. x2
The bat closely misses you. The bat barely misses you.
The bat closely misses you. The bat hits you but does no damage.
The bat closely misses you. The rat bites you but does no damage.
The bat completely misses you. The bat hits you but does no damage.
The bat closely misses you. The rat bites you but does no damage.
The bat closely misses you. The rat closely misses you.
The bat barely misses you. The bat hits you but does no damage.
The rat barely misses you. The bat hits you but does no damage.
The rat closely misses you. The bat hits you but does no damage.
The bat hits you. The bat hits you but does no damage.
The rat barely misses you. The bat closely misses you.
The rat bites you but does no damage. The bat barely misses you.
The bat hits you but does no damage. The bat closely misses you.
The rat completely misses you. The bat barely misses you.
The bat completely misses you. The rat barely misses you. The bat hits you.
The rat bites you. The bat hits you but does no damage.
The bat barely misses you. The bat closely misses you. The rat misses you.
The bat closely misses you. The bat hits you. The rat bites you.
The bat closely misses you. The bat barely misses you.
The rat barely misses you. The bat misses you.
The bat barely misses you. x2; The bat hits you.
The rat barely misses you. The bat closely misses you. The bat hits you.
The rat completely misses you. The bat hits you but does no damage.
The rat bites you but does no damage. The bat barely misses you.
The bat barely misses you. The bat closely misses you. The bat misses you.
The rat barely misses you. The bat hits you but does no damage.
The bat closely misses you. x3; The rat closely misses you.
The bat hits you but does no damage. The bat hits you.
The rat bites you but does no damage. The bat hits you but does no damage.
The bat closely misses you. The rat barely misses you.
The bat closely misses you. The rat bites you. The bat closely misses you.
The bat hits you but does no damage. The bat barely misses you.
The rat closely misses you. The bat hits you but does no damage.
The rat misses you. The bat misses you. The bat hits you but does no damage.
The bat hits you. The rat closely misses you. The bat barely misses you.
The rat closely misses you. The bat hits you but does no damage.
The bat hits you. The rat misses you. The bat misses you.
The bat hits you but does no damage. The bat misses you.
The rat closely misses you. The bat completely misses you. The bat hits you.
* * * LOW HITPOINT WARNING * * *
The rat misses you. The bat hits you.
* * * LOW HITPOINT WARNING * * *
The bat hits you but does no damage. The rat closely misses you.
The bat hits you but does no damage. The rat barely misses you.
The bat closely misses you. The bat closely misses you. The bat hits you.
* * * LOW HITPOINT WARNING * * *
The rat bites you. The bat hits you.
* * * LOW HITPOINT WARNING * * *
The rat bites you.
* * * LOW HITPOINT WARNING * * *
The bat closely misses you. The bat hits you but does no damage. x2
The rat closely misses you. The bat hits you but does no damage.
The bat closely misses you. The bat barely misses you. The bat misses you.
The rat barely misses you. The bat hits you. The bat closely misses you.
The rat barely misses you. The bat barely misses you.
The bat hits you but does no damage. The rat closely misses you.
The bat hits you but does no damage. The bat hits you.
* * * LOW HITPOINT WARNING * * *
The rat misses you. The bat hits you.
* * * LOW HITPOINT WARNING * * *
The bat closely misses you. The rat bites you. The bat misses you.
The bat hits you but does no damage. The bat closely misses you.
The rat barely misses you. The bat barely misses you.
The bat barely misses you. The bat closely misses you.
The rat barely misses you. The bat misses you. The bat barely misses you.
The rat misses you. The bat hits you but does no damage.
The bat closely misses you. The bat hits you. The rat bites you.
You die...

...............................▒
..▒▒▒▒▒▒▒▒▒▒▒▒▒▒▒▒▒▒▒▒▒▒▒▒▒▒▒▒.▒▒
..▒ ▒..▒ ..▒▒ ▒▒.▒ ...▒ ▒▒ ▒.▒
...▒▒ ▒▒... ▒.. .▒..▒
▒▒.....▒▒▒▒▒▒▒▒. .▒▒.▒
▒▒▒...▒.........(..
.▒▒.▒▒▒▒▒▒▒▒▒▒▒.6.▒....▒▒▒▒..▒▒▒▒
...............r.bb....▒▒......▒▒
.........▒▒...▒...▒▒▒..▒▒..▒.▒▒▒▒
.▒▒▒...▒........▒▒▒ ▒▒......▒▒
..............▒.▒▒ ▒......▒▒
.▒▒....▒▒........▒ ▒▒.▒.▒▒▒
......▒▒▒........▒ ▒......▒
÷▒▒▒..▒▒▒........▒ ▒......▒
)▒▒▒+.▒.+..[.....▒ ▒▒)▒.▒.▒


You could see 2 bats and a rat.

Vanquished Creatures
  An ooze (D:1)
  2 bats (D:1)
  A giant cockroach (D:1)
  2 goblins (D:1)
  2 hobgoblins (D:1)
8 creatures vanquished.

Notes
Turn   | Place    | Note
-------+----------+-------------------------------------------
     0 | D:1      | Jesseh the Demonspawn Wizard began the quest for the Orb.
     0 | D:1      | Reached XP level 1. HP: 13/13 MP: 4/4
   121 | D:1      | Reached skill level 2 in Conjurations
   133 | D:1      | Gained mutation: When hurt, damage is shared between your health and your magic reserves. [demonic ancestry]
   133 | D:1      | Reached XP level 2. HP: 15/19 MP: 1/6
   220 | D:1      | HP: 4/19 [bat (1)]
   225 | D:1      | HP: 2/19 [bat (1)]
   230 | D:1      | Slain by a rat

Skill      XL: |  1 |
---------------+----+-----
Conjurations   | 2 |  2.3
Dodging        | |  1.7
Stealth        | |  1.7
Spellcasting   | |  3.0
Summonings     | |  1.0
Translocations | |  0.8

Action                   || total
-------------------------++-------
Melee: Whip              ||    28
 Cast: Magic Dart        ||     8
 Stab: Sleeping          ||     1
Armor: Robe              ||    46
Dodge: Dodged            ||   133

Vault maps used:
D:1:      dpeg_arrival_ternary, corner_web_ring, serial_bayou_ford_a

Table legend:
 A = Turns spent in this place as a percentage of turns spent in the entire game.
 B = Non-inter-level travel turns spent in this place as a percentage of non-inter-level travel turns spent in the entire game.
 C = Inter-level travel turns spent in this place as a percentage of turns spent in this place.
 D = Turns resting spent in this place as a percentage of non-inter-level travel turns spent in this place.
 E = Turns spent auto-exploring this place as a percentage of non-inter-level travel turns spent in this place.
 F = Non-inter-level travel turns spent in this place divided by the number of levels of this place that you've seen.
                   A       B       C       D       E      F
               +-------+-------+-------+-------+-------+----------------------
         Total | 100.0 | 100.0 |   0.0 |   0.0 |   2.2 | 178.0
       Dungeon | 100.0 | 100.0 |   0.0 |   0.0 |   2.2 | 178.0
               +-------+-------+-------+-------+-------+----------------------

Table legend:
 A = Kills in this place as a percentage of kills in entire the game.
 B = Kills by you in this place as a percentage of kills by you in the entire game.
 C = Kills by friends in this place as a percentage of kills by friends in the entire game.
 D = Other kills in this place as a percentage of other kills in the entire game.
 E = Experience gained in this place as a percentage of experience gained in the entire game.
 F = Experience gained in this place divided by the number of levels of this place that you have seen.
                   A       B       C       D       E      F
               +-------+-------+-------+-------+-------+----------------------
         Total | 100.0 | 100.0 |  -nan |  -nan | 100.0 |  20.0
       Dungeon | 100.0 | 100.0 |  -nan |  -nan | 100.0 |  20.0
               +-------+-------+-------+-------+-------+----------------------
